woodfighter, chaotic female elven Priestess --- --..| |.. --- -- -- -----.- ..| |... --.-- --....<....| ----.........---....--..--- |............'..)..-- -.| |...........*.%*B.-- | --.............--...| -............. ---.| |... |....--..--- - -- --- --- woodfighter the Adept Experience level: 7 Strength: 15 Dexterity: 11 Constitution: 17 Intelligence: 18 Wisdom: 10 Charisma: 13 Health: 0(53) Energy: 60(60) Def: 12 Gold: 18 Moves: 4675 Dungeon seed: vPGFZAxa-7SGAe7Y Game ID: woodfighter_1534249971 Your Inventory: Coins $ - 18 gold pieces Weapons a - a blessed +1 mace (weapon in hand) E - 13 +0 darts O - a +0 spear (in quiver) Armor e - a blessed +0 robe (being worn) n - a +0 small shield (being worn) r - a +0 pair of elven boots (being worn) y - a +0 dwarvish mithril-coat (being worn) z - a cursed -2 dwarvish cloak C - a +0 dwarvish mithril-coat D - a blessed +0 dwarvish iron helm F - a +0 dwarvish cloak N - a +0 dwarvish iron helm (being worn) Y - a +0 dwarvish cloak Comestibles c - a clove of garlic d - 3 sprigs of wolfsbane p - 6 food rations q - a tripe ration Scrolls t - a scroll of create monster w - a cursed scroll of light Potions x - a potion of polymorph B - a potion of fruit juice Rings U - a ring of cold resistance (on left hand) Wands j - a wand of lightning (0:6) u - a wand of enlightenment (0:7) Tools G - 4 tallow candles (0:200) W - a blindfold Spells and supernatural/magical abilities: Name Level Category Fail Memory l - light 1 divination 67% 77% B - cure blindness 2 healing 88% 77% E - detect food 2 divination 96% 77% W - pray for help -- divine ? -- X - turn undead -- divine ? -- Your skills at the end: Miscellaneous Skills shield [Basic] wands [Basic] Weapon Skills mace [Basic] Spellcasting Skills clerical spells [Basic] Final Attributes: You were piously aligned. You were cold resistant. You were sleep resistant. Your writing hand was ok. You had infravision. You were invisible. You were stealthy. You were held by a rope golem. You are dead. Vanquished creatures: a housecat 2 imps a rock piercer a fog cloud 5 gnome lords 2 gnomish wizards a red naga hatchling a gray ooze 3 giant ants a puppy 5 dwarves a quasit a kobold lord an iguana a jitterbug 2 giant bats a monkey 5 coyotes 2 gas spores 3 hobbits an acid blob 2 large kobolds 4 geckos a hobgoblin a giant rat a cave spider 2 yellow molds 10 gnomes 16 manes 2 gnome zombies 4 jackals 3 foxes 2 kobolds 4 newts 2 goblins 2 sewer rats a grid bug a bat 9 lichens 3 kobold zombies 111 creatures vanquished. Voluntary challenges: You did not have reflection. You were not displaced. You were an atheist. You used a wielded weapon 174 times, starting on turn 30. You did not use tools. You did not use plumbed fixtures. You did not drink any magical draughts. You read items or engraved 1 time, starting on turn 2284. You never genocided any monsters. You never polymorphed an object. You never changed form. You used no wishes. You never split a pudding. You never wrote Elbereth's name. You violated your moral code, losing 1 point of alignment, starting on turn 4302. Dungeon overview: The Dungeons of Doom: levels 1 to 7 Level 1 a long staircase Level 2 a fountain Level 3 some fountains Level 4 stairs to The Gnomish Mines Level 5 many fountains Level 6 an altar to Blind Io stairs to Sokoban Level 7 The Gnomish Mines: levels 5 to 6 Level 5 stairs to The Dungeons of Doom Level 6 <- You were here Sokoban: levels 3 to 5 Level 3 Level 4 Level 5 a magic chest stairs to The Dungeons of Doom History has recorded: On T:1 you entered the Dungeons of Doom to retrieve the Amulet of Yendor! On T:81 you reached level 2 of The Dungeons of Doom. On T:437 you advanced to experience level 2. On T:588 you reached level 3 of The Dungeons of Doom. On T:979 you advanced to experience level 3. On T:1125 you reached level 4 of The Dungeons of Doom. On T:1281 you advanced to experience level 4. On T:1343 you reached level 1 of The Gnomish Mines. On T:1482 you reached level 5 of The Dungeons of Doom. On T:1567 you advanced to experience level 5. On T:1809 you reached level 6 of The Dungeons of Doom. On T:1940 you reached level 7 of The Dungeons of Doom. On T:2022 you reached level 4 of Sokoban. On T:2045 you opened a magic chest. On T:2361 you reached level 3 of Sokoban. On T:3073 you advanced to experience level 6. On T:3107 you reached level 2 of Sokoban. On T:4166 you reached level 2 of The Gnomish Mines. On T:4668 you advanced to experience level 7. Score breakdown: Gold: 18 ( 1 points) Experience: 7 levels ( 600 points) Exploration: 7 levels ( 180 points) Discoveries: 14 items ( 700 points) Variety of kills: 40 monsters ( 2000 points) Major goal: (nothing yet) ( 0 points) Survival: died (score multiplied by 3) Total score: 10443 Latest messages: The gnome puts on a hooded cloak. You kill the gnome! Welcome to experience level 7. F - a hooded cloak. G - 4 candles. There are several more objects here. You hit the rope golem! The rope golem claws you! (2x) The rope golem grabs you! You hit the rope golem. The rope golem claws you! The rope golem misses. You are being choked. You hit the rope golem! You hit the rope golem. The rope golem claws you! The rope golem misses. You are being choked. You hit the rope golem! The rope golem claws you! The rope golem misses. You are being choked. You hit the rope golem. The rope golem claws you! The rope golem misses. You are being choked. You die... Final status: Goodbye woodfighter the Priestess, killed by a rope golem... You died in The Gnomish Mines on dungeon level 6 with 10443 points, and 18 pieces of gold, after 4675 moves. You were level 7 with a maximum of 53 hit points when you died.